 Dungeon Crawl Stone Soup version 0.23.2 (webtiles) character file.

Game seed: 11419805044106790776

317 Kinoniko the Slasher (level 6, -8/51 HPs)
             Began as a Ghoul Gladiator on Apr 4, 2019.
             Splashed by a jelly's acid (12 damage)
             ... on level 4 of the Dungeon.
             The game lasted 00:19:31 (3062 turns).

Kinoniko the Slasher (Ghoul Gladiator)              Turns: 3062, Time: 00:19:38

Health: -8/51      AC: -11   Str: 18    XL:     6   Next: 44%
Magic:  5/5        EV: 13    Int:  3    God:
Gold:   117        SH:  0    Dex: 12    Spells: 5/5 levels left

rFire    . . .     SeeInvis .   p - +4 dagger (vamp)
rCold    + . .     Gourm    .   (no shield)
rNeg     + + +     Faith    .   b - +0 leather armour
rPois    ∞         Spirit   .   c - +0 helmet
rElec    .         Reflect  .   (no cloak)
rCorr    .         Harm     .   (no gloves)
MR       .....                  (no boots)
Stlth    +.........             (no amulet)
HPRegen  0.00/turn              (no ring)
MPRegen  0.09/turn              (no ring)

@: corroded, rotting
A: rotting body, claws 1, carnivore, cold resistance 1, negative energy
resistance 3, inhibited regeneration, torment resistance, unbreathing
a: no special abilities


You were on level 4 of the Dungeon.
You were not hungry.

You visited 1 branch of the dungeon, and saw 4 of its levels.

You collected 117 gold pieces.

Inventory:

Hand Weapons
 a - a +0 long sword
 p - a +4 vampiric dagger (weapon)
Missiles
 d - 3 throwing nets (quivered)
Armour
 b - a +0 leather armour (worn)
 c - a +0 helmet (worn)
Scrolls
 e - a scroll of remove curse
 j - a scroll of magic mapping
 o - a scroll of teleportation
 t - a scroll of fog
Potions
 g - a potion of resistance
 i - a potion of agility {unknown}
 k - a potion of flight
 l - a potion of ambrosia
 m - a potion of magic {unknown}
 n - a potion of berserk rage {unknown}
 q - a potion of curing {unknown}
 r - 2 potions of degeneration {unknown}
 s - a potion of invisibility {unknown}
Comestibles
 f - 10 rations


   Skills:
 * Level 3.4 Fighting
 * Level 2.1(3.2) Short Blades
 + Level 3.7(4.0) Long Blades
 - Level 1.7 Throwing
 * Level 2.6 Armour
 * Level 3.6 Dodging


You had 5 spell levels left.
You didn't know any spells.
Your spell library was empty.

Dungeon Overview and Level Annotations

Branches:
Dungeon (4/15)
 Temple: D:4-7

Altars:


Innate Abilities, Weirdness & Mutations

Your body is rotting away.
You thrive on raw meat.
You are immune to poison.
You have sharp fingernails.
You are carnivorous and can eat meat at any time.
Your flesh is cold resistant. (rC+)
You are immune to negative energy. (rN+++)
You do not regenerate when monsters are visible.
You are immune to unholy pain and torment.
You can survive without breathing.


Message History

* * * LOW HITPOINT WARNING * * *
The jelly is heavily wounded.
The jelly barely misses you.
You hit the jelly but do no damage.
Your claws burn!
* * * LOW HITPOINT WARNING * * *
The jelly is heavily wounded.
The jelly barely misses you.
You barely miss the jelly.
The jelly is heavily wounded.
The jelly closely misses you.
You hit the jelly but do no damage.
Your claws burn!
* * * LOW HITPOINT WARNING * * *
The jelly is heavily wounded.
You hit the jelly but do no damage.
Your claws burn!
* * * LOW HITPOINT WARNING * * *
The jelly is heavily wounded.
The jelly hits you.
* * * LOW HITPOINT WARNING * * *
The acid corrodes you!
You are splashed with acid!
You die...

.....#.......#
.....#.......#
.....#.......#
....###.....## ...##
##...##
#'#######'#######+####
.....................#.#
.......................#
................@....#
#'#######'#######J####
...## ##...## o.#
.)..###..)..## ...#
.....#.......# ....#
.....#.......# ....#
.....#...)...# ?...#
....###.....## ...##
...## ##...##


You could see a jelly and an orc.

Vanquished Creatures
  An ogre (D:4)
  A scorpion (D:4)
  An orc priest (D:3)
  A bullfrog skeleton (D:4)
  4 adders (D:2)
  An ooze (D:4)
  3 worms (D:2)
  3 dart slugs
  A leopard gecko (D:3)
  4 orcs
  A ball python (D:4)
  3 giant cockroaches
  9 hobgoblins
  6 jackals (D:1)
  A quokka (D:4)
  9 bats
  6 frilled lizards
  8 goblins
  6 kobolds
  A quokka skeleton (D:4)
  8 rats
78 creatures vanquished.

Notes
Turn   | Place    | Note
-------+----------+-------------------------------------------
     0 | D:1      | Kinoniko the Ghoul Gladiator began the quest for the Orb.
     0 | D:1      | Reached XP level 1. HP: 17/17 MP: 0/0
   429 | D:1      | Reached XP level 2. HP: 20/24 MP: 1/1
   782 | D:1      | Reached XP level 3. HP: 28/30 MP: 2/2
  1517 | D:2      | Reached skill level 1 in Armour
  1561 | D:2      | Reached XP level 4. HP: 37/37 MP: 3/3
  2333 | D:3      | Reached XP level 5. HP: 33/44 MP: 4/4
  2941 | D:4      | Reached skill level 1 in Short Blades
  2950 | D:4      | Reached XP level 6. HP: 41/51 MP: 5/5
  3062 | D:4      | Splashed by a jelly's acid

Skill      XL: |  1  2  3  4  5  6 |
---------------+-------------------+-----
Long Blades    | 3 |  3.7
Dodging        | 3 |  3.6
Armour         | 1 2 |  2.6
Fighting       | 3 |  3.4
Short Blades   | 1 2 |  2.1
Throwing       | |  1.7

Action                   |  1- 3 |  4- 6 || total
-------------------------+-------+-------++-------
Melee: Long sword        |    92 |    71 ||   163
       Dagger            |       |   113 ||   113
  Use: Scroll            |     5 |     6 ||    11
  Eat: Chunk             |    15 |    27 ||    42
Armor: Leather armour    |    41 |    35 ||    76
Dodge: Dodged            |    74 |   121 ||   195
       Rpst.: Long sword |    23 |    17 ||    40
